 Dungeon Crawl Stone Soup version 0.17-a0-1037-gbf358b4 (webtiles) character file.

3813 hornqvist the Cleaver (level 10, -12/105 HPs)
             Began as a Formicid Fighter on May 14, 2015.
             Was an Initiate of Gozag.
             Mangled by Erolcha
             ... wielding a +0 giant club
              (21 damage)
             ... on level 8 of the Dungeon.
             The game lasted 00:08:33 (7104 turns).

hornqvist the Cleaver (Formicid Fighter)            Turns: 7104, Time: 00:08:33

Health: -12/105    AC: 25    Str: 25    XL:     10   Next: 39%
Magic:  10/10      EV:  2    Int:  7    God:    Gozag
Gold:   915        SH: 12    Dex: 10    Spells: 0 memorised, 9 levels left

rFire  . . .     SeeInvis .     a - +1 war axe
rCold  . . .     Clarity  .     (armour currently unavailable)
rNeg   + + +     SustAb   .     c - +0 shield
rPois  +         Gourm    .     (helmet unavailable)
rElec  .         Spirit   .     (cloak currently unavailable)
rCorr  .         Warding  .     (gloves currently unavailable)
rMut   .         Stasis   +     (boots currently unavailable)
MR     +....                    (no amulet)
Stlth  +.........               B - ring of wizardry
                                (no ring)

@: tree-form, somewhat resistant to hostile enchantments, very unstealthy
A: permanent stasis, dig shafts and tunnels, four strong arms, (antennae 0)
a: Potion Petition, Call Merchant, Bribe Branch, Renounce Religion


You were on level 8 of the Dungeon.
You worshipped Gozag.
Gozag was noncommittal.
You were hungry.
You were a tree.
You visited 2 branches of the dungeon, and saw 9 of its levels.
You also visited: Ossuary.

You collected 1392 gold pieces.
You paid 477 gold pieces to Gozag.

Inventory:

Hand weapons
 a - a +1 war axe (weapon)
Armour
 c - a +0 shield (worn)
 d - the +9 plate armour of Zoef (melded) {Stlth+}
   (You found it on level 7 of the Dungeon)

   It makes you more stealthy.
 g - a +2 cloak of magic resistance (melded)
Jewellery
 n - an uncursed ring of fire
 B - a ring of wizardry (right branch)
Magical devices
 r - a wand of draining (6)
 C - a wand of paralysis (20)
Scrolls
 f - 2 scrolls of amnesia
 h - 4 scrolls of identify
 i - 6 scrolls of remove curse
 j - a scroll of teleportation {unknown}
 k - a scroll of immolation
 l - a scroll of enchant weapon
 o - a scroll of recharging
 t - a scroll of magic mapping
Potions
 u - a potion of flight {unknown}
 v - a potion of agility {unknown}
 w - a potion of ambrosia {unknown}
Books
 y - the Disquisition on Burning Attacks
   (You found it on level 7 of the Dungeon)

   Spells                             Type                      Level
   a - Sting                          Conjuration/Poison           1
   b - Ignite Poison                  Fire/Transmutation/Poison    3
   c - Bolt of Magma                  Conjuration/Fire/Earth       5
   d - Delayed Fireball               Conjuration/Fire             7
Comestibles
 e - 4 bread rations
 m - 3 meat rations


   Skills:
 - Level 3.2 Fighting
 * Level 10.3 Axes
 + Level 8.4 Armour
 + Level 9.4 Shields


You had 9 spell levels left.
You didn't know any spells.

Dungeon Overview and Level Annotations

Branches:
Dungeon (8/15)             Temple (1/1) D:4
   Lair: D:8-11

Altars:
Ashenzari
Cheibriados
Dithmenos
Elyvilon
Gozag
Kikubaaqudgha
Makhleb
Okawaru
Qazlal
Ru
Sif Muna
Trog
Vehumet
Xom
Zin
The Shining One

Shops:
D:6 =

Annotations:
D:8 Erolcha


Innate Abilities, Weirdness & Mutations

You are under a permanent stasis effect.
You can dig through walls and to a lower floor.
Your four strong arms can wield two-handed weapons with a shield.
((You have a pair of large antennae on your head (SInv).))


Message History

The killer bee barely misses you. Something hits you!
* * * LOW HITPOINT WARNING * * *
You block the killer bee's attack.
You take 10 damage, and have 24/105 hp.
Unknown command.
You cannot move.
Unknown command.
You hit the killer bee.
You kill the killer bee!
You hit something but do no damage. Something hits you!
* * * LOW HITPOINT WARNING * * *
You take 8 damage, and have 16/105 hp.
Drink which item? (? for menu, Esc to quit)
You feel better. Something hits you!
* * * LOW HITPOINT WARNING * * *
You take 7 damage, and have 9/105 hp.
You closely miss something. You hit something. Something hits you!!
You die...
Your body crumbles into a pile of gold.

...........#.##..[##.###
#.#.#..................#
#.#..................###
#.#.#....#.#.##..###.#
#......(.............#
.........###.##..##..#
..#..............##..##
...<.............$....#
..#..##..######{♣##..##
. #..##..# #.$$$...#
#..............##.##
#..##..#####...##$#
........ ........ #..#
##...#### .... ....#
......


There were no monsters in sight!

Vanquished Creatures
  The ghost of Eurashka the Cleaver, an experienced HOBe of Trog (D:5)
  The ghost of JetFlynn the Cudgeler, an average DDFi (D:7)
  Sigmund (D:2)
  Eustachio (D:4)
  A hungry ghost (D:7)
  A water moccasin (D:7)
  2 ice beasts
  2 orc warriors (D:7)
  A sky beast (D:7)
  An ogre (D:6)
  A centaur (D:5)
  A black bear (D:7)
  A necrophage (D:7)
  4 elf zombies (Ossuary)
  A scorpion (D:4)
  4 killer bees
  3 crimson imps
  A giant frog zombie (D:5)
  A jelly (D:7)
  2 centaur zombies
  Crazy Yiuf (D:3)
  2 iguanas (D:7)
  4 hounds
  4 orc priests
  3 orc wizards
  2 centaur skeletons (D:4)
  11 worker ants
  2 big kobold zombies (Ossuary)
  A hound zombie (Ossuary)
  4 mummies
  9 adders
  4 gnolls (D:7)
  3 river rats (D:4)
  A shadow imp (D:5)
  A white imp (D:4)
  An ufetubus (D:4)
  4 adder zombies
  An adder skeleton (D:4)
  22 orcs
  A ball python (D:2)
  11 bats
  A bat skeleton (D:5)
  2 bat zombies
  A giant cockroach (D:3)
  9 hobgoblins
  10 jackals
  6 quokkas
  5 giant geckos
  2 giant gecko skeletons (D:4)
  A giant newt (D:3)
  A gnoll zombie (Ossuary)
  9 goblins
  A goblin zombie (Ossuary)
  6 hobgoblin zombies (Ossuary)
  A jackal skeleton (D:5)
  4 jackal zombies
  10 kobolds
  4 kobold zombies (Ossuary)
  2 orc zombies (Ossuary)
  3 quokka zombies (Ossuary)
  13 rats
  3 rat zombies (Ossuary)
217 creatures vanquished.

Vanquished Creatures (others)
  A goblin (D:5)
1 creature vanquished.

Grand Total: 218 creatures vanquished

Notes
Turn   | Place    | Note
--------------------------------------------------------------
     0 | D:1      | hornqvist the Formicid Fighter began the quest for the Orb.
     0 | D:1      | Reached XP level 1. HP: 18/18 MP: 1/1
   392 | D:1      | Reached XP level 2. HP: 18/24 MP: 2/2
   586 | D:2      | Found a deep blue altar of Sif Muna.
   762 | D:2      | Found a shattered altar of Ashenzari.
   813 | D:2      | Reached skill level 4 in Shields
   813 | D:2      | Reached XP level 3. HP: 9/29 MP: 3/3
  1454 | D:2      | Noticed Sigmund
  1469 | D:2      | Killed Sigmund
  1469 | D:2      | Reached skill level 5 in Shields
  1469 | D:2      | Reached XP level 4. HP: 21/35 MP: 4/4
  1469 | D:2      | Reached XP level 5. HP: 24/41 MP: 5/5
  1469 | D:2      | Reached XP level 6. HP: 27/47 MP: 6/6
  1918 | D:3      | Found a bloodstained altar of Trog.
  2359 | D:3      | Noticed Crazy Yiuf
  2364 | D:3      | Killed Crazy Yiuf
  2644 | D:3      | Reached skill level 5 in Axes
  2709 | D:3      | Reached XP level 7. HP: 25/52 MP: 7/7
  2869 | D:4      | Found an iron altar of Okawaru.
  3050 | D:4      | Found a staircase to the Ecumenical Temple.
  3085 | Temple   | Entered the Ecumenical Temple
  3090 | Temple   | Became a worshipper of Gozag Ym Sagoz the Greedy
  3112 | D:4      | Found a burning altar of Makhleb.
  3134 | D:4      | Reached skill level 5 in Armour
  3300 | D:4      | Noticed Eustachio
  3319 | D:4      | Reached skill level 6 in Shields
  3339 | D:4      | Killed Eustachio
  3339 | D:4      | Reached XP level 8. HP: 22/58 MP: 8/8
  3860 | D:5      | Entered Level 5 of the Dungeon
  4137 | D:5      | Found a sand-covered staircase.
  4146 | Ossuary  | Entered an ossuary
  4250 | Ossuary  | Reached skill level 7 in Axes
  4591 | D:5      | Reached XP level 9. HP: 60/64 MP: 9/9
  4850 | D:5      | Noticed Eurashka's ghost (experienced HOBe)
  5019 | D:6      | Found an ancient bone altar of Kikubaaqudgha.
  5103 | D:6      | Reached skill level 8 in Axes
  5155 | D:6      | Found a snail-covered altar of Cheibriados.
  5432 | D:6      | Found Edaxt's Jewellery Shoppe.
  5435 | D:6      | Found a shadowy altar of Dithmenos.
  6002 | D:7      | Identified the Disquisition on Burning Attacks
  6012 | D:7      | Noticed JetFlynn's ghost (average DDFi)
  6032 | D:7      | Killed JetFlynn's ghost
  6032 | D:7      | Reached skill level 9 in Axes
  6471 | D:7      | Reached XP level 10. HP: 66/70 MP: 10/10
  6592 | D:7      | Got a faintly humming plate armour
  6877 | D:7      | Identified the +9 plate armour of Zoef {Stlth+} (You found it on level 7 of the Dungeon)
  7003 | D:5      | Killed Eurashka's ghost
  7003 | D:5      | Reached skill level 10 in Axes
  7088 | D:8      | Noticed Erolcha
  7104 | D:8      | Mangled by Erolcha

Vault maps used:
D:1:      minmay_arrival_four_circles, roderic_hopi_sauvastika,
          grunt_decor_fettered, corexii_leaking_fountain
D:2:      nicolae_overflow_hidden_temple, led_sif_pool, uniq_sigmund
D:3:      old_standard_altar, uniq_crazy_yiuf_cottage
D:4:      okawaru_metal_pillars_1_2, kennysheep_mini, temple_statues,
          uniq_eustachio
D:5:      gup_ossuary_entry_pyramid, first_bread, nrook_uturn
D:6:      old_standard_altar, nicolae_dithmenos_through_a_glass_darkly,
          overflow_temple_1_default
D:8:      old_standard_altar, overflow_temple_1_default, uniq_erolcha
Temple:   temple_eino_lava_8
Ossuary:  minmay_ossuary_two_tombs

Action                   |  1- 3 |  4- 6 |  7- 9 | 10-12 || total
-------------------------+-------+-------+-------+-------++-------
Melee: War axe           |    76 |   120 |   506 |   141 ||   843
Invok: Call Merchant     |       |       |     1 |       ||     1
 Abil: Dig               |       |       |       |     1 ||     1
  Use: Potion            |     1 |     4 |     5 |     3 ||    13
       Scroll            |       |       |     5 |     4 ||     9
 Stab: Distracted        |       |       |     2 |       ||     2
  Eat: Chunk             |       |     6 |     2 |       ||     8
       Fruit             |       |       |     7 |       ||     7
       Pizza             |       |       |     1 |     1 ||     2
       Bread ration      |       |       |     1 |       ||     1
